 Dungeon Crawl Stone Soup version 0.31.0-12-g77e489cdc1 (webtiles) character file.

Game seed: 5316501550216840352

56 PriceMaster the Firebug (level 3, -2/21 HPs)
             Began as an Octopode Fire Elementalist on Feb 28, 2024.
             Was a Believer of Cheibriados.
             Slain by Terence
             ... wielding a +0 flail
              (5 damage)
             ... on level 2 of the Dungeon.
             The game lasted 00:02:35 (1646 turns).

PriceMaster the Firebug (OpFE)                      Turns: 1646, Time: 00:02:36

Health: -2/21      AC:  1    Str: 14    XL:     3   Next: 95%
Magic:  1/6        EV: 13    Int: 22    God:    Cheibriados [**....]
Gold:   57         SH:  0    Dex: 17    Spells: 0/6 levels left

rFire   . . .        b - +0 whip
rCold   . . .        (no shield)
rNeg    . . .        (helmet restricted)
rPois   .            (no amulet)
rElec   .            g - ring of wizardry
rCorr   .            (no ring)
SInv    .            (no ring)
Will    .....        (no ring)
Stlth   +++          (no ring)
HPRegen 0.23/turn    (no ring)
MPRegen 0.10/turn    (no ring)
                     (no ring)

%: wizardry (x1)
@: hasted
A: almost no armour, amphibious, 8 rings, camouflage 1, gelatinous body 1,
(nimble swimmer 1), tentacles
a: Renounce Religion, Bend Time


You were on level 2 of the Dungeon.
You worshipped Cheibriados.
Cheibriados was pleased with you.
You visited 1 branch of the dungeon, and saw 2 of its levels.

You collected 57 gold pieces.

Inventory:

Hand Weapons
 b - a +0 whip (weapon)
Jewellery
 g - a ring of wizardry (left tentacle)
Scrolls
 c - a scroll of vulnerability {unknown}
Potions
 a - 2 potions of magic
 d - a potion of haste
 e - a potion of degeneration {unknown}
 f - a potion of curing {unknown}


   Skills:
 + Level 2.3 Dodging
 * Level 3.0 Stealth
 + Level 2.3 Spellcasting
 + Level 1.6 Conjurations
 + Level 3.9 Fire Magic


You couldn't memorise any spells.
You knew the following spells:

 Your Spells              Type           Power      Damage    Failure   Level
a - Foxfire               Conj/Fire      56%        2x1d6     1%          1
b - Scorch                Fire           38%        2d6       1%          2
c - Inner Flame           Hex/Fire       11%        N/A       8%          3

Your spell library contained the following spells:

 Spells                   Type           Power      Damage    Failure   Level
 Magic Dart               Conj           36%        1d4       2%          1
 Searing Ray              Conj           18%        2d5       4%          2
 Volatile Blastmotes      Fire/Tloc      22%        2d11      8%          3
 Flame Wave               Conj/Fire      14%        2d6       16%         4
 Fulminant Prism          Conj/Alch      3%         3d5       34%         4


Dungeon Overview and Level Annotations

Branches:
Dungeon (2/15)

Altars:
Cheibriados

Annotations:
D:2 Terence


Innate Abilities, Weirdness & Mutations

You cannot wear most types of armour.
You are amphibious.
You can wear up to eight rings at the same time.
Your skin changes colour to match your surroundings (Stealth+).
Your rubbery body absorbs attacks. (AC +1, EV +1)
((You are camouflaged when in or above water. (Stealth+)))
You have tentacles for arms and can constrict up to eight enemies at once.


Message History

Aiming: Inner Flame (quite dangerous; 8% risk of failure)
Press: ? - help, Dir - move target, f - ball python
Aim: a ball python (ally target, chance to affect: 76%)
The ball python barely resists.
The foxfire hits the ball python.
You kill the ball python!
Cheibriados thoroughly appreciates the change of pace.
Cheibriados raises the support of your attributes as your movement slows.
Your foxfire dissipates!
Terence the Incautious comes into view.
He is wielding a +0 flail and wearing a +2 ring mail of fire resistance.
Terence is nearby!
Terence is nearby!
Casting: Inner Flame (quite dangerous; 8% risk of failure)
Confirm with . or Enter, or press ? or * to list all spells.
You can't see any susceptible monsters within range! (Use Z to cast anyway.)
Casting: Inner Flame (quite dangerous; 8% risk of failure)
Confirm with . or Enter, or press ? or * to list all spells.
You don't know that spell.
Terence shouts!
Casting: Inner Flame (quite dangerous; 8% risk of failure)
Confirm with . or Enter, or press ? or * to list all spells.
Aiming: Inner Flame (quite dangerous; 8% risk of failure)
Press: ? - help, Dir - move target, f - Terence
Aim: Terence, wielding a +0 flail and wearing a +2 ring mail of fire resistance (chance to affect: 71%) Terence is filled with an inner flame.
Casting: Inner Flame (quite dangerous; 8% risk of failure)
Confirm with . or Enter, or press ? or * to list all spells.
You conjure some foxfire!
The foxfire hits Terence but does no damage. x2
Terence misses you.
Okay, then.
Terence hits you with a +0 flail. Terence attacks as he pursues you!
Terence hits you with a +0 flail! Terence hits you with a +0 flail.
* * * LOW HITPOINT WARNING * * *
Okay, then.
It was a potion of haste.
You feel yourself speed up.
Cheibriados forgives your accidental hurry, just this once.
Terence hits you with a +0 flail.
You die...
Terence says, "That felt goooood."

.....#.###.#..#.# #######
....##.###.#..#.# #......
....##.###.#..#.###########.#####
.....#.....'..#.............#
.....#'#####.....#############
........#........).†.........<
........#........##########.##
.......#########@# .......# #@#
.......# #.# .####### #.# .# #.#
.# #.# .###############.#
...............#.#
####†..#######.#.# #...# #.#.#


You could see Terence (inner flame).

Vanquished Creatures
  2 adders (D:2)
  4 ball pythons
  5 bats (D:1)
  4 endoplasms
  5 giant cockroaches (D:1)
  A hobgoblin (D:2)
  7 kobolds
  2 quokkas
  3 frilled lizards
  A rat (D:1)
34 creatures vanquished.

Vanquished Creatures (others)
  103 foxfires
103 creatures vanquished.

Grand Total: 137 creatures vanquished

Notes
Turn   | Place    | Note
-------+----------+-------------------------------------------
     0 | D:1      | PriceMaster the Octopode Fire Elementalist began the quest
                  | for the Orb.
     0 | D:1      | Reached XP level 1. HP: 11/11 MP: 3/3
   168 | D:1      | Reached XP level 2. HP: 17/17 MP: 1/5
   256 | D:1      | Found a faded altar of an unknown god.
   289 | D:1      | Prayed at the altar of an unknown god.
   289 | D:1      | Became a worshipper of Cheibriados the Contemplative
   289 | D:1      | Reached * piety under Cheibriados
   550 | D:1      | Reached XP level 3. HP: 4/21 MP: 3/6
   994 | D:1      | Reached ** piety under Cheibriados
  1078 | D:1      | Learned a level 2 spell: Scorch
  1231 | D:2      | Learned a level 3 spell: Inner Flame
  1632 | D:2      | Noticed Terence
  1646 | D:2      | Slain by Terence

Illustrated notes

Levels and vault maps discovered:
D:1:      dpeg_arrival_radiant, layout_basic,
          dreamdust_ecumenical_altar_statues, hangedman_decor_points
D:2:      minmay_recursive_quarters, layout_basic, minmay_misc_feat_encased,
          minmay_misc_feat_more_columns, minmay_statues_item, uniq_terence

Skill      XL: |  1  2  3 |
---------------+----------+-----
Stealth        | 3 |  3.0
Dodging        | |  2.3
Spellcasting   | |  2.3
Conjurations   | |  1.6
Fire Magic     | |  3.9

Action                     || total
---------------------------++-------
  Melee: Whip              ||     4
         Tentacles         ||     2
         Constrict         ||     1
   Cast: Foxfire           ||    58
         Scorch            ||     4
         Inner Flame       ||     3
    Use: Potion            ||     1
   Stab: Sleeping          ||     1
 Armour: Skin              ||    19
  Dodge: Dodged            ||    20
